Map: Dreamcatcher LE

Players

Jascaw - Winner!

  • Race: Zerg Zerg
  • League: Diamond
  • Spawn Location: 11:00

VOD

Have the link to the VOD?

Description

Time

  • Played on: Feb. 3, 2019, 1:37 p.m.
  • Length: 9:09
Show
View Real Time Build Order
Export as new Build Order

Jascaw Zerg - Winner!

Build Orders: Hatch First 

Get SALT Encoding   

  12  0:02  Drone  
  12  0:12  Overlord  
  12  0:17  Drone  
  12  0:33  Drone x2  
  12  0:36  Drone  
  12  0:55  Hatchery  
  12  0:58  Drone  
  12  1:01  Drone  
  12  1:11  Extractor  
  12  1:17  Spawning Pool  
  12  1:20  Drone  
  12  1:26  Drone  
  12  1:34  Drone  
  12  1:39  Overlord  
  12  1:50  Drone  
  12  2:03  Queen  
  12  2:06  Queen, Zergling x2  
  12  2:09  Zergling x2  
  12  2:16  Metabolic Boost  
  12  2:21  Drone  
  12  2:22  Drone  
  12  2:28  Drone  
  12  2:39  Drone x2  
  12  2:40  Overlord  
  12  2:47  Queen  
  12  3:03  Hatchery  
  12  3:12  Spine Crawler  
  12  3:13  Drone x2  
  12  3:14  Drone  
  12  3:17  Drone  
  12  3:19  Drone  
  12  3:28  Overlord  
  12  3:30  Drone x2  
  12  3:36  Queen  
  12  3:42  Queen  
  12  3:47  Zergling x4  
  12  3:49  Zergling x2  
  12  3:51  Zergling x2  
  12  3:53  Zergling x2  
  12  3:55  Zergling x2  
  12  4:00  Overlord  
  12  4:03  Drone x2  
  12  4:12  Overlord  
  12  4:13  Drone x2  
  12  4:17  Drone x2  
  12  4:18  Drone  
  12  4:21  Queen  
  12  4:28  Queen  
  12  4:32  Queen  
  12  4:36  Drone x2  
  12  4:38  Drone  
  12  4:45  Overlord, Drone x2  
  12  4:49  Drone x3  
  12  4:54  Drone x3  
  12  4:56  Overlord  
  12  5:01  Spore Crawler  
  12  5:04  Spore Crawler x2  
  12  5:10  Lair  
  12  5:15  Roach Warren  
  12  5:18  Evolution Chamber  
  12  5:20  Evolution Chamber  
  12  5:28  Extractor x2, Drone x3  
  12  5:29  Extractor, Drone x4  
  12  5:35  Queen  
  12  5:36  Drone x2  
  12  5:37  Drone  
  12  5:39  Drone  
  12  5:42  Extractor  
  12  5:44  Zerg Missile Weapons Level 1  
  12  6:04  Queen  
  12  6:05  Drone x5  
  12  6:06  Drone x3  
  12  6:07  Overlord  
  12  6:10  Queen  
  12  6:13  Zerg Ground Armor Level 1  
  12  6:26  Drone  
  12  6:27  Drone x6  
  12  6:28  Overlord  
  12  6:29  Overlord  
  12  6:41  Roach x2  
  12  6:43  Glial Reconstitution  
  12  6:45  Overlord x3  
  12  6:47  Roach  
  12  6:48  Roach  
  12  6:50  Roach  
  12  6:52  Roach  
  12  6:54  Roach  
  12  6:55  Roach  
  12  6:57  Roach  
  12  7:03  Roach  
  12  7:11  Roach x7  
  12  7:13  Overlord  
  12  7:18  Extractor  
  12  7:23  Overlord  
  12  7:25  Ravager x4  
  12  7:26  Ravager x2  
  12  7:28  Roach  
  12  7:30  Roach  
  12  7:31  Hatchery  
  12  7:32  Roach  
  12  7:34  Roach  
  12  7:35  Roach  
  12  7:39  Overlord  
  12  7:48  Overlord  
  12  7:51  Roach x2  
  12  7:52  Roach x4  
  12  8:02  Overseer  
  12  8:03  Roach x4  
  12  8:06  Roach x2  
  12  8:09  Overlord x2  
  12  8:10  Overlord  
  12  8:26  Roach x2  
  12  8:32  Overlord  
  12  8:33  Roach x3  
  12  8:44  Roach x5  
  12  8:48  Roach  
  12  8:49  Spore Crawler, Roach  
  12  9:08  Extractor  
Tags
 
Add a new tag
Caveats
  • Supply blocks, unpowered buildings, or Contaminate may cause inaccurate times.
  • Supply counts are checked every 10 seconds.